 Dungeon Crawl Stone Soup version 0.30-a0-118-ga018f8e90f (webtiles) character file.

Game seed: 2142229950820088045

69 snetch the Changer (level 4, -4/35 HPs)
             Began as a Meteoran Wanderer on Sept 13, 2022.
             Was a Follower of Fedhas.
             Slain by an orc
             ... wielding a +0 whip
              (6 damage)
             ... on level 3 of the Dungeon.
             The game lasted 00:09:55 (1474 turns).

snetch the Changer (Meteoran Wanderer)              Turns: 1474, Time: 00:09:56

Health: -4/35      AC:  2    Str: 13    XL:     4   Next: 70%
Magic:  3/8        EV: 11    Int: 11    God:    Fedhas [*.....]
Gold:   135        SH:  5    Dex: 18    Spells: 5/7 levels left

rFire   . . .      SeeInvis .    a - +2 dagger
rCold   . . .      Faith    .    c - +0 buckler
rNeg    . . .      Spirit   .    e - +0 robe
rPois   .          Reflect  .    (helmet currently unavailable)
rElec   .          Harm     .    (no cloak)
rCorr   .          Rampage  .    (no gloves)
Will    .....                    (boots currently unavailable)
Stlth   +.........               (no amulet)
HPRegen 0.11/turn                (no ring)
MPRegen 0.11/turn                (no ring)

@: appendages, very slightly contaminated, glowing
A: horns 2, talons 2, sense surroundings 1, otherworldly, glowing, explore regen
a: End Transformation, Renounce Religion


You were on level 3 of the Dungeon.
You worshipped Fedhas.
Fedhas was aware of your devotion.
You had temporarily grown beastly horns and talons.
You visited 1 branch of the dungeon, and saw 4 of its levels.

You collected 135 gold pieces.

Inventory:

Hand Weapons
 a - a +2 dagger (weapon)
 m - a +0 trident
Missiles
 f - 4 poisoned darts (quivered)
 g - 49 stones
Armour
 c - a +0 buckler (worn)
 e - a +0 robe (worn)
 n - a +0 leather armour
Magical Staves
 t - a staff of fire
Scrolls
 b - 2 scrolls of blinking
 d - 2 scrolls of teleportation
 h - 2 scrolls of enchant weapon {unknown}
 i - 2 scrolls of identify {unknown}
 j - a scroll of poison {unknown}
 k - 2 scrolls of enchant armour {unknown}
 l - a scroll of butterflies {unknown}
 o - a scroll of torment {unknown}
 p - a scroll of brand weapon {unknown}
 r - a scroll of immolation {unknown}
Potions
 q - a potion of curing {unknown}
 s - a potion of cancellation {unknown}


   Skills:
 + Level 1.5 Fighting
 + Level 1.2 Throwing
 + Level 1.2 Armour
 + Level 1.1 Dodging
 + Level 3.0 Stealth
 + Level 1.9 Shields
 + Level 2.0 Spellcasting
 + Level 3.1 Transmutations


You had 5 spell levels left.
You knew the following spells:

 Your Spells              Type           Power      Damage    Failure   Level
a - Beastly Appendage     Tmut           16%        N/A       11%         1
b - Shock                 Conj/Air       4%         1d3       36%         1

Your spell library contained the following spells:

 Spells                   Type           Power      Damage    Failure   Level
 Ignite Poison            Fire/Tmut/Pois 3%         N/A       58%         3
 Swiftness                Air            1%         N/A       75%         3
 Airstrike                Air            0%         2d(1-17)  98%         4


Dungeon Overview and Level Annotations

Branches:
Dungeon (4/15) Zot: 917
 Temple: D:4-7

Altars:
Fedhas

Annotations:
D:2 loot behind glass


Innate Abilities, Weirdness & Mutations

You have temporarily grown beastly horns and talons.
You passively map a small area around you.
You are easily found by Zot.
You glow in the dark.
You regain HP and MP as you explore.


Message History

An orc comes into view. It is wielding a +0 falchion.
You block the orc's attack.
Unknown command.
Casting: Shock (safe; 36% risk of failure)
Confirm with . or Enter, or press ? or * to list all spells.
Aiming: Shock (safe; 36% risk of failure)
Press: ? - help, Shift-Dir - straight line, f/p - orc
Aim: an orc, wielding a +0 whip (heavily wounded, 64% to hit)
The zap hits the orc.
The orc is severely wounded.
The zap misses the orc priest.
The zap misses the orc.
The zap hits the orc.
The orc is lightly wounded.
The orc hits you with a +0 whip.
Casting: Shock (safe; 36% risk of failure)
Confirm with . or Enter, or press ? or * to list all spells.
You grow a pair of large bovine horns.
Your feet morph into talons.
The orc priest calls upon Beogh to heal the orc.
The orc's wounds heal themselves!
The orc hits you with a +0 whip.
You barely miss the orc. Your kick misses the orc.
The orc priest mumbles some strange prayers to Beogh against you.
Pain shoots through your body! The orc hits you with a +0 club.
Unknown command.
The orc attacks as you move away! The orc hits you but does no damage.
The orc priest attacks as you move away!
The orc priest hits you with a +0 short sword.
The orc attacks as you move away! The orc hits you but does no damage.
The orc priest looks satisfied for a moment.
You hit the orc.
The orc is heavily wounded.
The orc priest calls down the wrath of Beogh upon you.
Beogh smites you!
* * * LOW HITPOINT WARNING * * *
The orc closely misses you. The orc hits you with a +0 club.
* * * LOW HITPOINT WARNING * * *
The orc attacks as you move away! The orc hits you but does no damage.
You closely miss the orc. You headbutt the orc.
The orc is almost dead.
The orc hits you with a +0 whip.
You die...
Fedhas appreciates your contribution to the ecosystem.

#.....# #.#'#......
###.#.#..####
#...#.#.## *
#...#.#..## ,
#..##.##..## * *,
##..#...#...# *
#####...#._.#.#.###,*
#.......#...#o@o..#, *
,
#.###...##.##o#.#.....
, , , , #.#
##...#.#..#o##..## *
#.####.#.#.#.o........
#........#.#....######
#..##.#..#'#.#..# ,
#..#.........#..#
#...#...#.......#
##.#.....#..##.## ,


You could see an orc priest and 4 orcs.

Vanquished Creatures
  A shadow imp (D:3)
  2 worms (D:3)
  5 ball pythons
  5 bats
  4 endoplasms
  A giant cockroach (D:2)
  5 goblins
  3 hobgoblins
  4 jackals (D:1)
  4 quokkas
  A frilled lizard (D:2)
  7 kobolds
  7 rats
49 creatures vanquished.

Notes
Turn   | Place    | Note
-------+----------+-------------------------------------------
     0 | D:1      | snetch the Meteoran Wanderer began the quest for the Orb.
     0 | D:1      | snetch set off with the following items: a +2 dagger, a
                  | scroll of blinking, a +0 buckler, a scroll of
                  | teleportation, a +0 robe; and the following spell
                  | memorised: Beastly Appendage; and the following spells
                  | available to memorise: Ignite Poison.
     0 | D:1      | Reached XP level 1. HP: 16/16 MP: 3/3
   121 | D:1      | Reached XP level 2. HP: 13/23 MP: 5/5
   326 | D:1      | Reached XP level 3. HP: 21/28 MP: 4/6
   937 | D:2      | Learned a level 1 spell: Shock
   962 | D:2      | Reached XP level 4. HP: 32/35 MP: 7/7
  1120 | D:2      | Found a faded altar of an unknown god.
  1150 | D:2      | Prayed at the altar of an unknown god.
  1150 | D:2      | Became a worshipper of Fedhas Madash
  1150 | D:2      | Reached * piety under Fedhas
  1387 | D:3      | Reached skill level 1 in Dodging
  1441 | D:3      | Found a blossoming altar of Fedhas.
  1474 | D:3      | Slain by an orc

Illustrated notes

Levels and vault maps discovered:
D:1:      amcnicky_arrival_gap_in_the_tavern_cellar, layout_basic
D:2:      layout_loops_ring, serial_glass, glass_columns_a, glass_columns_a,
          minmay_strange_pillars, due_unseen_surprise, item_on_display_a,
          minmay_strange_pillars, hellmonk_ecumenical_altar_lost_god
D:3:      layout_loops_ring, mainiacjoe_overflow_concentric_impassable,
          mainiacjoe_overflow_alcove_2, mainiacjoe_overflow_surrounded_room,
          uniq_crazy_yiuf_cottage
D:4:      layout_loops_ring, old_standard_altar, lemuel_coloured_pillars_altar,
          minmay_cut_off, uniq_eustachio, uniq_ijyb, uniq_sigmund

Skill      XL: |  1  2  3  4 |
---------------+-------------+-----
Transmutations | 3 |  3.1
Dodging        | 1 |  1.1
Spellcasting   | 2 |  2.0
Stealth        | 3 |  3.0
Fighting       | |  1.5
Throwing       | |  1.2
Armour         | |  1.2
Shields        | |  1.9

Action                   |  1- 3 |  4- 6 || total
-------------------------+-------+-------++-------
Melee: Dagger            |   109 |    35 ||   144
       Kick              |     7 |     3 ||    10
       Headbutt          |     6 |     5 ||    11
 Cast: Beastly Appendage |     7 |     5 ||    12
       Shock             |       |     6 ||     6
 Stab: Sleeping          |       |     1 ||     1
Armor: Robe              |    32 |     9 ||    41
Dodge: Dodged            |    40 |    15 ||    55
Block: Buckler           |    22 |     8 ||    30

Table legend: (Time is in decaauts)
 A = Elapsed time spent in this place.
 B = Non-inter-level travel time spent in this place.
 C = Inter-level travel time spent in this place.
 D = Time resting spent in this place.
 E = Time spent auto-exploring this place.
 F = Levels seen in this place.
 G = Mean time per level.
                   A        B        C        D        E       F      G
               +--------+--------+--------+--------+--------+-----+--------+
         Total |   1481 |   1418 |     63 |      0 |     16 |   4 |  370.2 |
       Dungeon |   1481 |   1418 |     63 |      0 |     16 |   4 |  370.2 |
               +--------+--------+--------+--------+--------+-----+--------+

Top non-repeatable levels by time:
     D:1: 697 daAuts
     D:2: 567 daAuts
     D:3: 207 daAuts
     D:4: 9 daAuts
